 Dungeon Crawl Stone Soup version 0.27-a0-1136-g0b992a5a9d (webtiles) character file.

Game seed: 15922530331428867856

105 funkygono the Firebug (level 4, 0/24 HPs)
             Began as a Gargoyle Fire Elementalist on May 5, 2021.
             Slain by Terence
             ... wielding a +2 falchion of holy wrath
              (7 damage)
             ... on level 3 of the Dungeon.
             The game lasted 00:06:11 (2643 turns).

funkygono the Firebug (Gargoyle Fire Elementalist)  Turns: 2643, Time: 00:06:11

Health: 0/24       AC:  6    Str: 13    XL:     4   Next: 81%
Magic:  0/8        EV: 12    Int: 17    God:
Gold:   1273       SH:  0    Dex: 10    Spells: 3/8 levels left

rFire    + . .     SeeInvis .   m - +0 mace
rCold    . . .     Faith    .   (no shield)
rNeg     + . .     Spirit   .   a - +0 robe
rPois    ∞         Reflect  .   n - +0 helmet of Divine Intervention {Str+2}
rElec    +         Harm     .   (no cloak)
rCorr    .         Rampage  .   (no gloves)
Will     .....                  (no boots)
Stlth    ++........             (no amulet)
HPRegen  0.08/turn              g - ring of protection from fire
MPRegen  0.11/turn              (no ring)

@: no status effects
A: sickness immunity, AC +3, negative energy resistance 1, electricity
resistance, torment resistance 1, unbreathing 1, petrification resistance
a: no special abilities


You were on level 3 of the Dungeon.
You visited 1 branch of the dungeon, and saw 3 of its levels.

You collected 1273 gold pieces.

Inventory:

Hand Weapons
 h - a +2 dagger of speed
 m - a +0 mace (weapon)
Missiles
 i - 85 stones
Armour
 a - a +0 robe (worn)
 n - the +0 helmet of Divine Intervention (worn) {Str+2}
   (You took it off Robin on level 2 of the Dungeon)

   It affects your strength (+2).
Jewellery
 g - a ring of protection from fire (left hand)
Potions
 c - a potion of might
 f - a potion of invisibility
 j - a potion of ambrosia {unknown}
 k - a potion of curing {unknown}
 l - a potion of lignification {unknown}
 o - a potion of heal wounds {unknown}


   Skills:
 + Level 0.1 Fighting
 + Level 1.7 Dodging
 - Level 2.1 Stealth
 * Level 2.8 Spellcasting
 * Level 2.1 Conjurations
 * Level 4.3 Fire Magic


You had 3 spell levels left.
You knew the following spells:

 Your Spells              Type           Power      Damage    Failure   Level
a - Foxfire               Conj/Fire      52%        2x1d6     4%          1
b - Conjure Flame         Conj/Fire      13%        6-21      14%         3
c - Magic Dart            Conj           36%        1d4       8%          1

Your spell library contained the following spells:

 Spells                   Type           Power      Damage    Failure   Level
 Inner Flame              Hex/Fire       9%         N/A       22%         3
 Blink                    Tloc           N/A        N/A       26%         2
 Call Imp                 Summ           2%         N/A       26%         2
 Slow                     Hex            2%         N/A       26%         2
 Mephitic Cloud           Conj/Pois/Air  4%         N/A       36%         3
 Sticky Flame             Conj/Fire      13%        2d4       43%         4
 Fireball                 Conj/Fire      6%         3d5       78%         5


Dungeon Overview and Level Annotations

Branches:
Dungeon (3/15)

Altars:

Shops:
D:2 (

Annotations:
D:3 Terence


Innate Abilities, Weirdness & Mutations

You are immune to sickness and miasma.
Your stone body is resilient. (AC +3)
You are immune to poison.
You resist negative energy. (rN+)
You are resistant to electric shocks. (rElec)
You are resistant to unholy torment.
You can survive without breathing.
You are immune to petrification.


Message History

The foxfire hits Terence.
Terence is heavily wounded.
The foxfire hits Terence.
Terence is severely wounded.
Your magical contamination has completely faded away.
You hit Terence but do no damage.
Terence is severely wounded.
Terence screams, "I want your blood!" Terence hits you but does no damage.
You hit Terence.
Terence is severely wounded.
Terence hits you but does no damage.
Casting: Foxfire (safe; 4% risk of failure)
Confirm with . or Enter, or press ? or * to list all spells.
You conjure some foxfire!
Terence says, "Don't bother to defend, it's senseless."
Terence hits you with a +2 falchion of holy wrath.
Unknown command.
You hit Terence but do no damage.
Terence is severely wounded.
The foxfire hits Terence but does no damage.
Terence is severely wounded.
The foxfire hits Terence but does no damage.
Terence is severely wounded.
Terence hits you with a +2 falchion of holy wrath.
Terence hits you but does no damage.
You hit Terence.
Terence is severely wounded.
Terence closely misses you.
You hit Terence but do no damage.
Terence is severely wounded.
Terence hits you with a +2 falchion of holy wrath.
* * * LOW HITPOINT WARNING * * *
Terence barely misses you. Terence says, "How do you enjoy it?"
Casting: Foxfire (safe; 4% risk of failure)
Confirm with . or Enter, or press ? or * to list all spells.
You conjure some foxfire!
Terence hits you with a +2 falchion of holy wrath!
You die...

..#....#...........#..
...)......##########.#
................. ..# #
.........##########..##.#
............#...........#
####.#......#.###....####
#..#.###.##.# #....#
#....# #....###@...#
##..### ###..#v@....#
#...# #...v###### ##.###
###..# ...# #..# #..###
### ###..# .....# ...
#....# #....###.###....#
###....#.#....###
#....#.#....#


You could see Terence (ally target).

Vanquished Creatures
  Jessica (D:2)
  Robin (D:2)
  An adder (D:2)
  2 worms (D:2)
  4 endoplasms
  3 giant cockroaches
  12 goblins
  7 hobgoblins
  4 kobolds
  2 quokkas
  4 ball pythons (D:1)
  4 bats
  A frilled lizard (D:1)
  2 rats
48 creatures vanquished.

Vanquished Creatures (others)
  155 foxfires
155 creatures vanquished.

Grand Total: 203 creatures vanquished

Notes
Turn   | Place    | Note
-------+----------+-------------------------------------------
     0 | D:1      | funkygono the Gargoyle Fire Elementalist began the quest
                  | for the Orb.
     0 | D:1      | Reached XP level 1. HP: 10/10 MP: 3/3
   285 | D:1      | Reached XP level 2. HP: 15/15 MP: 1/5
   475 | D:1      | Found a faded altar of an unknown god.
  1110 | D:2      | Reached XP level 3. HP: 19/19 MP: 1/6
  1114 | D:2      | Learned a level 3 spell: Conjure Flame
  1116 | D:2      | Learned a level 1 spell: Magic Dart
  1523 | D:2      | Identified the +0 helmet of Divine Intervention {Str+2}
  1523 | D:2      | Noticed Robin
  1553 | D:2      | Reached skill level 4 in Fire Magic
  1640 | D:2      | Killed Robin
  1641 | D:2      | Reached XP level 4. HP: 15/24 MP: 0/7
  1862 | D:2      | Noticed Jessica
  1865 | D:2      | Killed Jessica
  2340 | D:2      | Found Quatuu's Antique Weapon Boutique.
  2488 | D:2      | Identified a scroll of acquirement
  2488 | D:2      | Acquired 1175 gold pieces
  2518 | D:3      | Found Kaol's General Store.
  2625 | D:3      | Noticed Terence
  2643 | D:3      | Slain by Terence

Illustrated notes

Levels and vault maps discovered:
D:1:      shiori_arrival_elements, layout_basic, basic_ecumenical_altar
D:2:      layout_basic, serial_shops, nicolae_shop_crystal, st_stairs_13,
          uniq_robin, uniq_jessica
D:3:      layout_basic, serial_shops, shop_fountains,
          nicolae_shop_competitors_out_of_business, shop, shop,
          minmay_quantized, uniq_natasha, uniq_terence

Skill      XL: |  1  2  3  4 |
---------------+-------------+-----
Fire Magic     | 4 |  4.3
Conjurations   | 2 |  2.1
Fighting       | |  0.1
Dodging        | |  1.7
Stealth        | |  2.1
Spellcasting   | |  2.8

Action                   |  1- 3 |  4- 6 || total
-------------------------+-------+-------++-------
Melee: Dagger            |     2 |       ||     2
       Mace              |       |     5 ||     5
 Cast: Foxfire           |    55 |    33 ||    88
       Magic Dart        |     1 |     1 ||     2
  Use: Scroll            |     2 |     3 ||     5
Armor: Robe              |     4 |     6 ||    10
Dodge: Dodged            |    18 |     2 ||    20

Table legend: (Time is in decaauts)
 A = Elapsed time spent in this place.
 B = Non-inter-level travel time spent in this place.
 C = Inter-level travel time spent in this place.
 D = Time resting spent in this place.
 E = Time spent auto-exploring this place.
 F = Levels seen in this place.
 G = Mean time per level.
                   A        B        C        D        E       F      G
               +--------+--------+--------+--------+--------+-----+--------+
         Total |   2641 |   2593 |     48 |      0 |   2174 |   3 |  880.3 |
       Dungeon |   2641 |   2593 |     48 |      0 |   2174 |   3 |  880.3 |
               +--------+--------+--------+--------+--------+-----+--------+

Top non-repeatable levels by time:
     D:2: 1555 daAuts
     D:1: 959 daAuts
     D:3: 126 daAuts
